 Dungeon Crawl Stone Soup version 0.28-a0-1286-g6bde065e89 (webtiles) character file.

Game seed: 10492029307466528852

7781 Zonian the Zephyrmancer (level 11, -1/54 HPs)
             Began as a Tengu Air Elementalist on Dec 26, 2021.
             Was an Elder of Qazlal.
             Slain by a yak (10 damage)
             ... on level 9 of the Dungeon.
             The game lasted 00:29:57 (15221 turns).

Zonian the Zephyrmancer (Tengu Air Elementalist)   Turns: 15221, Time: 00:29:58

Health: -1/54      AC: 10    Str:  9    XL:     11   Next: 20%
Magic:  23/23      EV: 19    Int: 18    God:    Qazlal [****..]
Gold:   295        SH:  5    Dex: 16    Spells: 13/25 levels left

rFire   . . .      SeeInvis .   c - +2 short sword (venom)
rCold   . . .      Faith    .   (no shield)
rNeg    + . .      Spirit   .   y - +1 leather armour of Gemos {rCorr}
rPois   .          Reflect  .   (helmet restricted)
rElec   .          Harm     .   p - +1 cloak
rCorr   +          Rampage  .   (no gloves)
Will    .....                   (boots unavailable)
Stlth   ++........              m - amulet of magic regeneration
HPRegen 0.18/turn               d - +4 ring of protection
MPRegen 0.58/turn               t - ring of positive energy

@: flying quickly and evasively, repel missiles, quick
A: beak, talons 3, nimble flight
a: Renounce Religion, Upheaval, Elemental Force


You were on level 9 of the Dungeon.
You worshipped Qazlal.
Qazlal was greatly pleased with you.
You visited 1 branch of the dungeon, and saw 9 of its levels.

You collected 295 gold pieces.

Inventory:

Hand Weapons
 c - a +2 short sword of venom (weapon)
 g - a +1 dagger of draining
 s - a +1 short sword of draining
 u - a +3 scimitar of freezing
 v - the +2 war axe "Otyir" {vamp, Str+2 SInv}
   (You found it on level 7 of the Dungeon)

   It occasionally heals its wielder for a portion of the damage dealt when it
   wounds a living foe.
   Str:       It affects your strength (+2).
   SInv:      It lets you see invisible.
 x - a +0 short sword of electrocution
 B - a +0 hand crossbow
Missiles
 e - 28 poisoned darts
 r - a silver boomerang
Armour
 a - a +0 robe
 p - a +1 cloak (worn)
 y - the +1 leather armour of Gemos (worn) {rCorr}
   (You found it on level 8 of the Dungeon)

   rCorr:     It protects you from acid and corrosion.
Magical Staves
 f - a staff of fire
Jewellery
 d - a +4 ring of protection (left hand)
 m - an amulet of magic regeneration (around neck)
 t - a ring of positive energy (right hand)
Wands
 l - a wand of mindburst (13)
 o - a wand of paralysis (5)
 z - a wand of polymorph (7)
 A - a wand of flame (13)
Scrolls
 j - 2 scrolls of teleportation
 k - 5 scrolls of identify
 q - a scroll of magic mapping
 w - a scroll of brand weapon
Potions
 b - 4 potions of ambrosia
 h - 2 potions of lignification
 i - a potion of might
 n - 2 potions of curing


   Skills:
 + Level 9.1 Dodging
 - Level 6.1 Stealth
 + Level 7.7 Spellcasting
 + Level 10.6 Conjurations
 + Level 11.3 Air Magic


You had 13 spell levels left.
You knew the following spells:

 Your Spells              Type           Power      Damage    Failure   Level
a - Shock                 Conj/Air       100%       1d9       1%          1
b - Static Discharge      Conj/Air       46%        N/A       1%          2
c - Swiftness             Air            47%        N/A       1%          3
d - Poisonous Vapours     Pois/Air       54%        N/A       1%          2
e - Airstrike             Air            23%        N/A       1%          4

Your spell library contained the following spells:

 Spells                   Type           Power      Damage    Failure   Level
 Magic Dart               Conj           100%       1d8       1%          1
 Searing Ray              Conj           90%        2d7       1%          2
 Animate Skeleton         Necr           12%        N/A       14%         1
 Apportation              Tloc           12%        N/A       14%         1
 Slow                     Hex            24%        N/A       14%         1
 Sting                    Tmut/Pois      24%        1d4       14%         1
 Summon Small Mammal      Summ           24%        N/A       14%         1
 Fulminant Prism          Conj/Hex       13%        3d9       16%         4
 Sublimation of Blood     Necr           6%         N/A       22%         2
 Wereblood                Tmut           6%         N/A       22%         2
 Confusing Touch          Hex            6%         N/A       38%         3
 Frozen Ramparts          Ice            12%        1d3       38%         3
 Vampiric Draining        Necr           6%         2d6       38%         3
 Ice Form                 Ice/Tmut       6%         N/A       80%         4
 Olgreb's Toxic Radiance  Pois           6%         N/A       80%         4
 Summon Ice Beast         Ice/Summ       6%         N/A       80%         4
 Summon Hydra             Summ           3%         N/A       100%        7


Dungeon Overview and Level Annotations

Branches:
Dungeon (9/15)             Temple (0/1) D:5            Lair (0/6) D:9
    Orc: D:9-12

Altars:
Cheibriados
Dithmenos
Elyvilon
Kikubaaqudgha
Makhleb
Qazlal
Trog
Vehumet

Shops:
D:2 (

Annotations:
D:2 1 runed translucent door, Crazy Yiuf


Innate Abilities, Weirdness & Mutations

You have a beak for a mouth.
You have claws for feet.
Your magical nature lets you fly swiftly and evasively.


Message History

The yak is moderately wounded.
The yak closely misses you.
You hit the yak but do no damage.
The yak looks as sick as possible!
You claw the yak.
The yak is heavily wounded.
The yak gores you.
You barely miss the yak. You claw the yak, but do no damage.
The yak is heavily wounded.
The yak barely misses you.
Casting: Static Discharge (safe; 1% risk of failure)
Confirm with . or Enter, or press ? or * to list all spells.
The yak is struck by an arc of lightning!
The yak is almost dead.
You are struck by an arc of lightning.
* * * LOW HITPOINT WARNING * * *
The yak is struck by an arc of lightning.
You kill the yak!
Qazlal accepts your kill.
The lightning grounds out.
Unknown command.
You closely miss the yak. You claw the yak.
The yak is lightly wounded.
The yak gores you!
* * * LOW HITPOINT WARNING * * *
You hit the yak but do no damage.
The yak is poisoned.
You peck the yak.
The yak is lightly wounded.
The yak gores you.
* * * LOW HITPOINT WARNING * * *
You feel better.
You closely miss the yak. You claw the yak.
The yak is moderately wounded.
The yak barely misses you.
You hit the yak but do no damage.
The yak looks as sick as possible!
You claw the yak.
The yak is moderately wounded.
The yak completely misses you. The yak closely misses you.
You barely miss the yak.
The yak is moderately wounded.
The yak gores you!
You die...

... #.# #... ...
#.#########. #.#
#........... #.#
###########. #.#
#. #†# #. #Y# #.
#Y###############.
#@Y.........[.....
##################


You could see 3 yaks.

Vanquished Creatures
  Erolcha (D:9)
  An ugly thing (D:8)
  Grinder (D:6)
  4 wyverns
  6 yaks (D:9)
  Sigmund (D:3)
  A basilisk (D:9)
  A wraith (D:9)
  A steam dragon (D:8)
  2 acid dragons
  8 water moccasins
  3 black bears
  3 orc warriors
  2 ice beasts (D:6)
  3 sky beasts (D:7)
  A necrophage (D:4)
  2 wolves (D:9)
  4 ogres
  2 centaurs
  A kobold brigand (D:6)
  2 bullfrogs
  3 scorpions
  A wyvern skeleton (D:7)
  6 wights
  4 howler monkeys
  3 centaur zombies
  2 orc priests
  A gnoll shaman (D:8)
  2 hounds
  2 jellies (D:5)
  5 iguanas
  Natasha (thrice) (D:3)
  7 orc wizards
  5 gnolls (D:8)
  4 adders
  2 shadow imps (D:6)
  A white imp (D:8)
  2 ufetubi (D:5)
  A worm (D:3)
  2 dart slugs
  31 orcs
  5 endoplasms
  7 giant cockroaches
  6 goblins
  10 hobgoblins
  4 jackals (D:1)
  16 kobolds
  5 quokkas
  5 ball pythons
  7 bats
  2 frilled lizards
  7 rats
211 creatures vanquished.

Vanquished Creatures (others)
  A fungus (D:9)
  24 plants
  6 withered plants (D:1)
31 creatures vanquished.

Grand Total: 242 creatures vanquished

Notes
Turn   | Place    | Note
-------+----------+-------------------------------------------
     0 | D:1      | Zonian the Tengu Air Elementalist began the quest for the
                  | Orb.
     0 | D:1      | Reached XP level 1. HP: 10/10 MP: 4/4
   414 | D:1      | Reached XP level 2. HP: 15/15 MP: 1/6
   695 | D:1      | Learned a level 2 spell: Static Discharge
   980 | D:1      | Found a faded altar of an unknown god.
  1054 | D:1      | Prayed at the altar of an unknown god.
  1054 | D:1      | Became a worshipper of Qazlal Stormbringer
  1054 | D:1      | Reached * piety under Qazlal
  1275 | D:1      | Reached XP level 3. HP: 11/19 MP: 1/7
  2668 | D:2      | Found Buleokk's Weapon Shoppe.
  2696 | D:2      | Found a runed translucent door.
  2697 | D:2      | Noticed Crazy Yiuf
  2957 | D:3      | Found a stormy altar of Qazlal.
  3010 | D:3      | Noticed Sigmund
  3301 | D:3      | Reached ** piety under Qazlal
  3302 | D:3      | Reached XP level 4. HP: 23/24 MP: 5/8
  3699 | D:3      | Learned a level 3 spell: Swiftness
  3702 | D:3      | Learned a level 2 spell: Poisonous Vapours
  3746 | D:3      | Noticed Natasha
  3753 | D:3      | Killed Natasha
  3763 | D:3      | Noticed Natasha
  3770 | D:3      | Killed Natasha
  3771 | D:3      | Gained mutation: Your magical nature lets you fly swiftly
                  | and evasively. [Tengu growth]
  3771 | D:3      | Reached XP level 5. HP: 19/28 MP: 4/10
  4193 | D:3      | HP: 1/28 [orc priest/nerve-wracking pain (13)]
  4207 | D:3      | Reached skill level 5 in Air Magic
  4209 | D:3      | HP: 1/28 [something/puff of flame (7)]
  4224 | D:3      | Killed Sigmund
  4225 | D:3      | Reached XP level 6. HP: 20/32 MP: 11/11
  4744 | D:3      | Noticed Natasha
  4753 | D:3      | Killed Natasha
  4981 | D:4      | Identified a scroll of acquirement
  4981 | D:4      | Acquired a +4 ring of protection
  5058 | D:4      | Reached XP level 7. HP: 31/36 MP: 3/13
  5138 | D:4      | Learned a level 4 spell: Airstrike
  5277 | D:4      | Reached skill level 6 in Air Magic
  5561 | D:4      | Reached *** piety under Qazlal
  5748 | D:4      | Reached skill level 5 in Conjurations
  6015 | D:4      | Found a radiant altar of Vehumet.
  6131 | D:4      | Found a white marble altar of Elyvilon.
  6131 | D:4      | Found a bloodstained altar of Trog.
  6139 | D:4      | Found a shadowy altar of Dithmenos.
  6149 | D:4      | Found a faded altar of an unknown god.
  6151 | D:4      | Found a faded altar of an unknown god.
  6364 | D:5      | Entered Level 5 of the Dungeon
  6368 | D:5      | Found a staircase to the Ecumenical Temple.
  6379 | D:5      | Reached XP level 8. HP: 34/41 MP: 9/15
  6779 | D:5      | Found an ancient bone altar of Kikubaaqudgha.
  7038 | D:5      | Reached skill level 5 in Dodging
  7172 | D:5      | Reached skill level 5 in Stealth
  7200 | D:5      | Reached skill level 7 in Air Magic
  8489 | D:6      | Reached XP level 9. HP: 26/45 MP: 7/17
  9062 | D:5      | Reached skill level 5 in Spellcasting
  9490 | D:6      | Reached skill level 8 in Air Magic
  9847 | D:6      | Noticed Grinder
  9981 | D:6      | Found a snail-covered altar of Cheibriados.
 10017 | D:6      | Killed Grinder
 10437 | D:7      | Identified the +2 war axe "Otyir" {vamp, Str+2 SInv}
 10626 | D:7      | Reached **** piety under Qazlal
 11020 | D:7      | Reached skill level 9 in Air Magic
 11831 | D:8      | Reached XP level 10. HP: 41/50 MP: 17/20
 12092 | D:8      | Identified the +1 leather armour of Ecihijax {rElec rF-
                  | rN+++ Dex-4}
 12110 | D:8      | Noticed a red ugly thing
 13259 | D:8      | Identified the +1 leather armour of Gemos {rCorr}
 13331 | D:8      | Killed a red ugly thing
 13912 | D:9      | Reached skill level 10 in Air Magic
 14772 | D:9      | Found a burning altar of Makhleb.
 14838 | D:9      | Reached skill level 10 in Conjurations
 15015 | D:9      | Found a staircase to the Lair.
 15024 | D:9      | Noticed Erolcha
 15031 | D:9      | Killed Erolcha
 15032 | D:9      | Reached skill level 11 in Air Magic
 15032 | D:9      | Reached XP level 11. HP: 54/54 MP: 3/23
 15221 | D:9      | Slain by a yak

Illustrated notes

Levels and vault maps discovered:
D:1:      amcnicky_arrival_feature_with_door, layout_basic,
          shapermc_ecumenical_altar_flowoftime, serial_glass, glass_columns_a,
          glass_columns_a, roderic_serpentine_path, minmay_split_cup_large
D:2:      cheibrodos_helix_gallery, layout_basic, serial_shops,
          nicolae_shop_bloodbath_and_beyond, hangedman_abyss_or_decor_stabs,
          grunt_decor_cap, kennysheep_doodads, minmay_misc_feat_diagonals,
          uniq_crazy_yiuf_cottage
D:3:      layout_basic, lemuel_round_altar, minmay_misc_feat_tiny, uniq_sigmund,
          uniq_natasha
D:4:      layout_loops_corners, mainiacjoe_overflow_alcove_2,
          chequers_temple_overflow_minitemple, feat_on_display
D:5:      layout_layer_cave, mainiacjoe_overflow_six_doors_small,
          minmay_temple_entry_junction, cheibrodos_sewer_entry_drain,
          kennysheep_generic_room_6
D:6:      layout_rooms, general_overflow_altar, lemuel_old_faithful,
          uniq_grinder
D:7:      layout_gridville
D:8:      layout_loops_ring, enter_bailey_2
D:9:      layout_basic, lemuel_crystal_altar, minmay_lair_entry_grove,
          uniq_gastronok, uniq_erolcha

Skill      XL: |  1  2  3  4  5  6  7  8  9 10 11 |
---------------+----------------------------------+-----
Conjurations   | 2 3 4 5 6 8 10 | 10.6
Dodging        | 3 4 5 7 8 9 |  9.1
Stealth        | 3 4 5 6 |  6.1
Air Magic      | 5 6 7 9 11 | 11.3
Spellcasting   | 3 4 6 7 |  7.7

Action                   |  1- 3 |  4- 6 |  7- 9 | 10-12 || total
-------------------------+-------+-------+-------+-------++-------
Melee: Short sword       |    63 |    27 |   130 |   109 ||   329
       Kick              |    14 |    12 |    31 |    33 ||    90
       Peck              |    12 |     7 |    33 |    17 ||    69
       Unarmed           |     2 |       |       |       ||     2
       War axe           |       |       |     1 |       ||     1
 Cast: Shock             |    74 |    51 |   111 |    27 ||   263
       Static Discharge  |       |    12 |    57 |    26 ||    95
       Swiftness         |       |     1 |       |       ||     1
       Poisonous Vapours |       |       |     3 |     5 ||     8
       Airstrike         |       |       |     2 |    41 ||    43
Evoke: Wand              |       |       |     2 |       ||     2
  Use: Potion            |       |     5 |     1 |     2 ||     8
       Scroll            |       |    10 |     5 |     4 ||    19
 Stab: Paralysed         |       |       |     2 |       ||     2
Armor: Robe              |    20 |     4 |    46 |     8 ||    78
       Leather armour    |       |       |       |    11 ||    11
Dodge: Dodged            |    35 |    28 |   152 |   118 ||   333
       Repelled          |       |       |       |     3 ||     3
Block: Other             |       |     1 |    36 |    16 ||    53

Table legend: (Time is in decaauts)
 A = Elapsed time spent in this place.
 B = Non-inter-level travel time spent in this place.
 C = Inter-level travel time spent in this place.
 D = Time resting spent in this place.
 E = Time spent auto-exploring this place.
 F = Levels seen in this place.
 G = Mean time per level.
                   A        B        C        D        E       F      G
               +--------+--------+--------+--------+--------+-----+--------+
         Total |  14804 |  14496 |    308 |   6614 |   5622 |   9 | 1644.9 |
       Dungeon |  14804 |  14496 |    308 |   6614 |   5622 |   9 | 1644.9 |
               +--------+--------+--------+--------+--------+-----+--------+

Top non-repeatable levels by time:
     D:7: 2361 daAuts
     D:5: 2166 daAuts
     D:3: 2043 daAuts
     D:1: 2019 daAuts
     D:8: 1571 daAuts
     D:4: 1537 daAuts
     D:6: 1128 daAuts
     D:9: 1087 daAuts
     D:2: 888 daAuts
